 Dungeon Crawl Stone Soup version 0.27.1-34-g3ba077fa99 (webtiles) character file.

Game seed: 4273863951245183611

65 pkoi the Insei (level 3, -2/33 HPs)
             Began as a Draconian Monk on Jan 7, 2022.
             Slain by an orc (8 damage)
             ... on level 2 of the Dungeon.
             The game lasted 00:03:56 (2562 turns).

pkoi the Insei (Draconian Monk)                     Turns: 2562, Time: 00:03:57

Health: -2/33      AC:  9    Str: 13    XL:     3   Next: 92%
Magic:  3/3        EV: 12    Int: 11    God:
Gold:   121        SH:  0    Dex: 13    Spells: 2/2 levels left

rFire    . . .     SeeInvis .     - Unarmed
rCold    . . .     Faith    .   (no shield)
rNeg     . . .     Spirit   .   (armour unavailable)
rPois    .         Reflect  .   (helmet restricted)
rElec    .         Harm     .   (no cloak)
rCorr    .         Rampage  .   (no gloves)
Will     +....                  (no boots)
Stlth    ++........             (no amulet)
HPRegen  0.11/turn              h - ring of willpower
MPRegen  0.08/turn              k - +4 ring of protection

@: no status effects
A: AC +5, unfitting armour, cold-blooded
a: no special abilities


You were on level 2 of the Dungeon.
You visited 1 branch of the dungeon, and saw 3 of its levels.

You collected 121 gold pieces.

Inventory:

Hand Weapons
 i - a +0 short sword
Missiles
 a - 10 poisoned darts (quivered)
Jewellery
 h - a ring of willpower (left hand)
 j - a ring of resist corrosion
 k - a +4 ring of protection (right hand)
Scrolls
 b - a scroll of enchant armour {unknown}
 d - 2 scrolls of amnesia {unknown}
 e - a scroll of noise {unknown}
 f - a scroll of identify {unknown}
 l - a scroll of teleportation {unknown}
Potions
 c - a potion of lignification {unknown}
 g - a potion of attraction {unknown}


   Skills:
 - Level 4.0 Fighting
 - Level 3.0 Dodging
 - Level 1.7 Stealth
 + Level 4.2 Unarmed Combat


You had 2 spell levels left.
You didn't know any spells.
Your spell library contained the following spells:

 Spells                   Type           Power      Damage    Failure   Level
 Call Canine Familiar     Summ           0%         N/A       71%         3
 Ozocubu's Armour         Ice            0%         N/A       71%         3
 Portal Projectile        Hex/Tloc       0%         N/A       71%         3
 Leda's Liquefaction      Hex/Erth       0%         N/A       98%         4
 Ozocubu's Refrigeration  Ice            0%         4d5       100%        7


Dungeon Overview and Level Annotations

Branches:
Dungeon (3/15)

Altars:
Wu Jian

Shops:
D:1 :

Annotations:
D:2 1 runed translucent door, Crazy Yiuf


Innate Abilities, Weirdness & Mutations

Your plain brown scales are hard. (AC +5)
You cannot fit into any form of body armour.
You are cold-blooded and may be slowed by cold attacks.


Message History

The orc wizard casts a spell.
The orc wizard flickers and vanishes!
Deactivating autopickup; reactivate with Ctrl-A.
There is a stone staircase leading up here.
The orc barely misses you.
You climb upwards.
Level annotation: 1 runed translucent door, Crazy Yiuf Reactivating autopickup.
There is a stone staircase leading down here.
You hit the orc but do no damage.
Your tail-slap misses the orc.
The orc hits you but does no damage.
You closely miss the orc. The orc barely misses you.
You closely miss the orc. You punch the orc, but do no damage.
The orc hits you but does no damage.
You hit the orc.
The orc is lightly wounded.
The orc hits you with a +1 mace of protection!
You barely miss the orc.
The orc is lightly wounded.
The orc hits you with a +1 mace of protection.
You closely miss the orc.
Your tail-slap misses the orc.
The orc is lightly wounded.
The orc completely misses you.
You hit the orc but do no damage. The orc hits you but does no damage.
You hit the orc but do no damage. You closely miss the orc. The orc misses you.
You closely miss the orc.
The orc hits you with a +1 mace of protection.
You hit the orc but do no damage. The orc hits you but does no damage.
You closely miss the orc. Your punch misses the orc.
The orc hits you with a +1 mace of protection!
* * * LOW HITPOINT WARNING * * *
You hit the orc.
The orc is severely wounded.
The orc hits you with a +1 mace of protection.
* * * LOW HITPOINT WARNING * * *
You hit the orc but do no damage.
The orc is severely wounded.
The orc hits you with a +1 mace of protection!
You die...

#####.#.#.............#
......#.#..).........##
#######.#............#
........#............#
#########..........<.#
..........######...###
########### #...# #...#
#@..##♣♣ ### #.o....♣♣
♣♣#..)#
#.......♣♣♣♣.+...#
#........♣.)♣#..)#
####....♣.♣♣♣ ###
###♣♣♣♣♣


You could see an orc.

Vanquished Creatures
  2 adders (D:2)
  An orc (D:3)
  4 bats
  6 endoplasms
  3 giant cockroaches
  6 goblins
  2 hobgoblins
  3 quokkas
  5 ball pythons
  4 frilled lizards
  3 kobolds
  3 rats
42 creatures vanquished.

Notes
Turn   | Place    | Note
-------+----------+-------------------------------------------
     0 | D:1      | pkoi the Draconian Monk began the quest for the Orb.
     0 | D:1      | Reached XP level 1. HP: 19/19 MP: 1/1
   301 | D:1      | Reached XP level 2. HP: 24/26 MP: 2/2
   342 | D:1      | Found Saxyskuw's Book Boutique.
   511 | D:1      | Found a faded altar of an unknown god.
  1329 | D:2      | Reached XP level 3. HP: 18/32 MP: 3/3
  1661 | D:2      | Found an ornate altar of the Wu Jian Council.
  2439 | D:2      | Found a runed translucent door.
  2440 | D:2      | Noticed Crazy Yiuf
  2562 | D:2      | Slain by an orc

Illustrated notes

Levels and vault maps discovered:
D:1:      tarquinn_simple_flora_water_b, layout_basic,
          dreamdust_ecumenical_altar_angels_and_demons, serial_shops,
          nicolae_shop_behind_doors, minmay_distorted
D:2:      minmay_angry_zag, layout_basic, basic_altar, grunt_ministairs_12,
          minmay_misc_feat_roman, minmay_cut_off, uniq_crazy_yiuf_cottage
D:3:      minmay_recursive_quarters, layout_basic, roderic_lattice_a,
          uniq_terence

Skill      XL: |  1  2  3 |
---------------+----------+-----
Dodging        | 3 |  3.0
Unarmed Combat | 4 |  4.2
Fighting       | 4 |  4.0
Stealth        | |  1.7

Action                   || total
-------------------------++-------
Melee: Unarmed           ||   157
       Tailslap          ||    18
       Punch             ||     3
 Stab: Sleeping          ||     6
Armor: Skin              ||    47
Dodge: Dodged            ||    75
